 Dungeon Crawl Stone Soup version 0.25-a0-589-g1e14c54 (webtiles) character file.

Game seed: 17992072673404009901, levelgen mode: deterministic

168 robertstho the Shooter (level 5, -7/42 HPs)
             Began as a Centaur Hunter on Mar 9, 2020.
             Splashed by Ijyb's acid (13 damage)
             ... on level 3 of the Dungeon.
             The game lasted 00:04:08 (3216 turns).

robertstho the Shooter (Centaur Hunter)             Turns: 3216, Time: 00:04:09

Health: -7/42      AC:  5    Str: 14    XL:     5   Next: 24%
Magic:  5/5        EV:  9    Int: 10    God:
Gold:   137        SH:  0    Dex: 11    Spells: 4/4 levels left

rFire    . . .     SeeInvis .   a - +1 shortbow
rCold    . . .     Gourm    .   (shield currently unavailable)
rNeg     . . .     Faith    .   c - +0 leather armour
rPois    .         Spirit   .   (no helmet)
rElec    .         Reflect  .   (no cloak)
rCorr    .         Harm     .   q - +0 pair of gloves
MR       .....                  (no barding)
Stlth    +.........             (no amulet)
HPRegen  0.14/turn              (no ring)
MPRegen  0.09/turn              (no ring)

@: very quick
A: large, hooves 3, deformed body, speed 2, tough skin 3
a: no special abilities


You were on level 3 of the Dungeon.
You were not hungry.

You visited 1 branch of the dungeon, and saw 3 of its levels.

You collected 137 gold pieces.

Inventory:

Hand Weapons
 a - a +1 shortbow (weapon)
 b - a +0 short sword
Missiles
 m - 9 arrows (quivered)
Armour
 c - a +0 leather armour (worn)
 d - a +1 helmet
 q - a +0 pair of gloves (worn)
Jewellery
 i - an uncursed ring of see invisible {unknown}
 k - an uncursed ring of positive energy {unknown}
 n - a +3 ring of evasion {unknown}
Scrolls
 r - a scroll of enchant weapon {unknown}
 s - a scroll of enchant armour {unknown}
Potions
 e - a potion of might {unknown}
 g - a potion of magic {unknown}
 h - 2 potions of flight {unknown}
 j - 2 potions of brilliance {unknown}
 l - 2 potions of stabbing {unknown}
 p - a potion of haste
Comestibles
 f - a ration
 o - a chunk of flesh


   Skills:
 * Level 2.5 Fighting
 + Level 1.0 Short Blades
 * Level 7.3 Bows
 + Level 0.8 Armour
 + Level 1.9 Dodging
 + Level 0.7 Stealth


You had 4 spell levels left.
You didn't know any spells.
Your spell library was empty.

Dungeon Overview and Level Annotations

Branches:
Dungeon (3/15)

Altars:
Xom

Annotations:
D:2 1 runed translucent door, Crazy Yiuf
D:3 Grinder, Ijyb, Sigmund


Innate Abilities, Weirdness & Mutations

You have hooves in place of feet.
Armour fits poorly on your strangely shaped body.
You cover ground very quickly.
You have extremely tough skin. (AC +3)


Message History

Ijyb shouts!
You see here an arrow.
m - 10 arrows (gained 1)
You feel sick.
You are no longer poisoned.
Ijyb zaps a wand.
The bolt of acid hits you!
You are splashed with acid!
Ijyb zaps a wand.
The bolt of acid misses you.
Items here: % ( ) รท a cursed -2 dagger; a poisoned dart; a chunk of flesh; an orc skeleton
Things that are here:
a +0 falchion; a +0 leather armour Firing (i - inventory)
m - 10 arrows (quivered)
Press: ? - help, Shift-Dir - straight line, f - Ijyb
Aim: Ijyb, wielding a +0 club, wearing a +3 leather armour of positive energy, wearing a cursed ring of attention and carrying a wand of acid (12)
You shoot an arrow. The arrow hits Ijyb!
Ijyb is heavily wounded.
Ijyb zaps a wand.
The bolt of acid hits you!
* * * LOW HITPOINT WARNING * * *
You are splashed with acid!
You die...

#.#(#...........#
#.#.#...........# #.#.#
...(......# #.#.# .........
########(#.# .(....
#.........(#####.#.#.#.#
######..........().).........
....##..........#####(###.#.#
...........(.(..@)).g((.....#
###.#########.#######.#.##...
..........................
......#######.#######...###
......# #.# #...# ......# #.#
..#.. ###.### #.# ###.>.
###.####... #.# ....
........... #.##


You could see Ijyb.

Vanquished Creatures
  Jessica (D:2)
  3 adders
  4 gnolls (D:2)
  An ooze (D:1)
  A worm (D:2)
  2 dart slugs
  A leopard gecko (D:1)
  5 orcs (D:3)
  2 ball pythons (D:2)
  6 bats
  4 giant cockroaches
  7 goblins
  7 hobgoblins
  3 quokkas (D:2)
  2 frilled lizards (D:1)
  6 kobolds
  2 rats
57 creatures vanquished.

Notes
Turn   | Place    | Note
-------+----------+-------------------------------------------
     0 | D:1      | robertstho the Centaur Hunter began the quest for the Orb.
     0 | D:1      | Reached XP level 1. HP: 17/17 MP: 1/1
   180 | D:1      | Reached skill level 6 in Bows
   180 | D:1      | Reached XP level 2. HP: 18/24 MP: 2/2
   515 | D:1      | Found a shimmering altar of Xom.
   673 | D:1      | Reached XP level 3. HP: 20/29 MP: 3/3
   888 | D:2      | Noticed Jessica
   898 | D:2      | Killed Jessica
   967 | D:2      | Reached XP level 4. HP: 13/37 MP: 4/4
  1642 | D:2      | Reached skill level 1 in Short Blades
  1709 | D:2      | Reached skill level 7 in Bows
  1841 | D:2      | Found a runed translucent door.
  1842 | D:2      | Noticed Crazy Yiuf
  2045 | D:2      | Reached XP level 5. HP: 32/42 MP: 5/5
  2386 | D:3      | Noticed Grinder
  2770 | D:3      | Noticed Sigmund
  3208 | D:3      | Noticed Ijyb
  3216 | D:3      | Splashed by Ijyb's acid

Levels and vault maps discovered:
D:1:      psy_arrival_dodecagon, layout_loops_cross, minmay_liquid_box,
          xom_teletrap_fun
D:2:      layout_basic, uniq_jessica, uniq_crazy_yiuf_cottage
D:3:      layout_basic, overflow_temple_1_default, first_ration, uniq_grinder,
          uniq_sigmund, uniq_ijyb

Skill      XL: |  1  2  3  4 |
---------------+-------------+-----
Bows           | 6 7 |  7.3
Short Blades   | 1 |  1.0
Fighting       | |  2.5
Armour         | |  0.8
Dodging        | |  1.9
Stealth        | |  0.7

Action                   |  1- 3 |  4- 6 || total
-------------------------+-------+-------++-------
Melee: Short sword       |   107 |    21 ||   128
       Kick              |    14 |     6 ||    20
       Shortbow          |       |     1 ||     1
 Fire: Shortbow          |       |   144 ||   144
  Use: Scroll            |       |     2 ||     2
       Potion            |       |     1 ||     1
  Eat: Chunk             |       |     2 ||     2
       Ration            |       |     1 ||     1
Armor: Leather armour    |    52 |    31 ||    83
Dodge: Dodged            |    55 |    34 ||    89

Table legend:
 A = Non-vault XP
 B = Vault XP
 C = Vault XP percentage of total XP
 D = Non-vault monster count
 E = Vault monster count
 F = Vault count percentage of total count
                 A         B        C        D         E       F
            +---------+---------+-------+---------+---------+-------
      Total |     204 |      37 |  15.4 |      56 |       1 |   1.8
            +---------+---------+-------+---------+---------+-------
        D:1 |      45 |       0 |   0.0 |      21 |       0 |   0.0
        D:2 |     126 |      37 |  22.7 |      26 |       1 |   3.7
        D:3 |      33 |       0 |   0.0 |       9 |       0 |   0.0
            +---------+---------+-------+---------+---------+-------
